 Dungeon Crawl Stone Soup version 0.30-a0-134-gb40fab5c76 (webtiles) character file.

Game seed: 1114500928305743492

51 Jerej03 the Grave Robber (level 3, 0/19 HPs)
             Began as a Deep Elf Necromancer on Sept 19, 2022.
             Succumbed to an adder's poison
             ... on level 2 of the Dungeon.
             The game lasted 00:09:20 (966 turns).

Jerej03 the Grave Robber (Deep Elf Necromancer)      Turns: 966, Time: 00:09:21

Health: 0/19       AC:  2    Str:  5    XL:     3   Next: 58%
Magic:  4/10       EV: 12    Int: 21    God:
Gold:   76         SH:  0    Dex: 15    Spells: 9/10 levels left

rFire   . . .      SeeInvis .    h - +0 dagger
rCold   . . .      Faith    .    (no shield)
rNeg    . . .      Spirit   .    a - +0 robe
rPois   .          Reflect  .    (no helmet)
rElec   .          Harm     .    (no cloak)
rCorr   .          Rampage  .    (no gloves)
Will    +....                    (no boots)
Stlth   ++........               (no amulet)
HPRegen 0.06/turn                f - ring of willpower
MPRegen 0.12/turn                (no ring)

@: brilliant, lethally poisoned (0 -> -5), flying
A: no striking features
a: no special abilities


You were on level 2 of the Dungeon.
You visited 1 branch of the dungeon, and saw 2 of its levels.

You collected 76 gold pieces.

Inventory:

Hand Weapons
 h - a +0 dagger (weapon)
Armour
 a - a +0 robe (worn)
 g - a +2 ring mail of willpower
Jewellery
 f - a ring of willpower (left hand)
Scrolls
 c - a scroll of identify {unknown}
 d - a scroll of enchant armour {unknown}
 j - a scroll of acquirement {unknown}
 k - a scroll of silence {unknown}
Potions
 b - a potion of magic
 i - a potion of flight
 l - a potion of degeneration {unknown}


   Skills:
 + Level 2.5 Dodging
 + Level 2.4 Stealth
 + Level 4.1 Spellcasting
 + Level 5.8 Necromancy


You had 9 spell levels left.
You knew the following spells:

 Your Spells              Type           Power      Damage    Failure   Level
a - Necrotise             Necr           100%       1d9       1%          1

Your spell library contained the following spells:

 Spells                   Type           Power      Damage    Failure   Level
 Vampiric Draining        Necr           43%        2d9       3%          3
 Animate Dead             Necr           43%        N/A       11%         4
 Agony                    Necr           43%        N/A       30%         5
 Blade Hands              Tmut           3%         N/A       97%         5
 Irradiate                Conj/Tmut      3%         3d12      97%         5
 Dragon Form              Tmut           3%         N/A       100%        7


Dungeon Overview and Level Annotations

Branches:
Dungeon (2/15)

Altars:

Shops:
D:2 (


Message History

Press: ? - help, Shift-Dir - straight line, f/p - adder
Aim: an adder (moderately wounded, ally target, chance to affect: 88%)
The adder writhes in agony.
You feel sick. The adder bites you.
You are lethally poisoned!
The adder poisons you! The adder bites you.
Casting: Necrotise (safe; 1% risk of failure)
Confirm with . or Enter, or press ? or * to list all spells.
Aiming: Necrotise (safe; 1% risk of failure)
Press: ? - help, Shift-Dir - straight line, f/p - adder
Aim: an adder (severely wounded, ally target, chance to affect: 88%)
The adder writhes in agony.
You kill the adder!
The dead are slithering!
You feel very sick.
The endoplasm closely misses your kobold skeleton.
Your Spellcasting skill increases to level 4!
Unknown command.
* * * LOW HITPOINT WARNING * * *
You feel sick.
Your kobold skeleton hits the endoplasm.
Casting: Necrotise (safe; 1% risk of failure)
Confirm with . or Enter, or press ? or * to list all spells.
Aiming: Necrotise (safe; 1% risk of failure)
Press: ? - help, Shift-Dir - straight line, f - endoplasm
Aim: an endoplasm (lightly wounded, ally target, chance to affect: 93%)
The endoplasm barely resists.
* * * LOW HITPOINT WARNING * * *
You feel sick.
Your kobold skeleton hits the endoplasm but does no damage.
Your adder skeleton bites the endoplasm but does no damage.
It was a potion of flight.
You feel very buoyant.
You fly up into the air.
* * * LOW HITPOINT WARNING * * *
You feel sick.
Your adder skeleton bites the endoplasm but does no damage.
Your kobold skeleton hits the endoplasm but does no damage.
It was a potion of brilliance.
You feel clever all of a sudden.
You die...

............
.###...#####.#
.#.###... ..##...#
.. ........#
...#.#.#
#.##........
.....#.##
..#........
...###..###
#.#.......# ..##
#....####...(.....#
.##
#..#...###.........
##
##.###.....@J......
#...........ZZ.)..
#########...!.....
#>........
#.........
#.........
#.........
#.........
##########


You could see an endoplasm (ally target), a friendly adder skeleton and a
friendly kobold skeleton.

Vanquished Creatures
  2 adders (D:2)
  A dart slug (D:1)
  3 endoplasms
  A giant cockroach (D:1)
  5 goblins
  3 hobgoblins (D:1)
  3 jackals (D:2)
  A ball python (D:1)
  A bat (D:1)
  6 frilled lizards (D:1)
  A kobold (D:2)
  A rat (D:1)
28 creatures vanquished.

Vanquished Creatures (collateral kills)
  A ball python (D:1)
  2 frilled lizards (D:1)
3 creatures vanquished.

Vanquished Creatures (others)
  5 plants (D:1)
5 creatures vanquished.

Grand Total: 36 creatures vanquished

Notes
Turn   | Place    | Note
-------+----------+-------------------------------------------
     0 | D:1      | Jerej03 the Deep Elf Necromancer began the quest for the
                  | Orb.
     0 | D:1      | Reached XP level 1. HP: 10/10 MP: 6/6
   131 | D:1      | Reached skill level 5 in Necromancy
   324 | D:1      | Reached XP level 2. HP: 15/15 MP: 4/8
   785 | D:2      | Reached XP level 3. HP: 16/19 MP: 5/10
   926 | D:2      | Found Xyallakk's Weapon Shop.
   966 | D:2      | Succumbed to an adder's poison

Illustrated notes

Levels and vault maps discovered:
D:1:      dpeg_arrival_windows_large_door, layout_rooms,
          minmay_misc_feat_columns, minmay_lizard_king
D:2:      layout_rooms, serial_shops, nicolae_shop_bloodbath_and_beyond,
          dreamdust_ecumenical_altar_angels_and_demons

Skill      XL: |  1  2  3 |
---------------+----------+-----
Necromancy     | 5 |  5.8
Spellcasting   | 4 |  4.1
Dodging        | |  2.5
Stealth        | |  2.4

Action                   || total
-------------------------++-------
Melee: Unarmed           ||     2
 Cast: Necrotise         ||    49
  Use: Potion            ||     2
Dodge: Dodged            ||     7

Table legend: (Time is in decaauts)
 A = Elapsed time spent in this place.
 B = Non-inter-level travel time spent in this place.
 C = Inter-level travel time spent in this place.
 D = Time resting spent in this place.
 E = Time spent auto-exploring this place.
 F = Levels seen in this place.
 G = Mean time per level.
                   A        B        C        D        E       F      G
               +--------+--------+--------+--------+--------+-----+--------+
         Total |    964 |    944 |     20 |      0 |    760 |   2 |  482.0 |
       Dungeon |    964 |    944 |     20 |      0 |    760 |   2 |  482.0 |
               +--------+--------+--------+--------+--------+-----+--------+

Top non-repeatable levels by time:
     D:1: 777 daAuts
     D:2: 187 daAuts
